 Dungeon Crawl Stone Soup version 0.28.0-53-g5a82cb258f (webtiles) character file.

Game seed: 11619593491770281536

1488 mcbry74 the Quickloader (level 9, -5/48 HPs)
             Began as a Kobold Hunter on July 13, 2022.
             Was a Believer of Dithmenos.
             Slain by Maggie
             ... wielding a +3 long sword of flaming
              (10 damage)
             ... on level 6 of the Dungeon.
             The game lasted 00:18:09 (4970 turns).

mcbry74 the Quickloader (Kobold Hunter)             Turns: 4970, Time: 00:18:10

Health: -5/48      AC: 11    Str: 11    XL:     9   Next: 7%
Magic:  9/9        EV: 17    Int: 14    God:    Dithmenos [**....]
Gold:   334        SH:  0    Dex: 16    Spells: 8/8 levels left

rFire   + . .      SeeInvis .   h - +1 whip (vamp)
rCold   . . .      Faith    .   (no shield)
rNeg    . . .      Spirit   .   C - +0 troll leather armour
rPois   .          Reflect  .   (no helmet)
rElec   .          Harm     .   r - +0 cloak
rCorr   .          Rampage  +   v - +5 pair of gloves of a Gauntlet {Rampage}
Will    +....                   (no boots)
Stlth   ++++......              (no amulet)
HPRegen 0.96/turn               y - ring of protection from fire
MPRegen 0.11/turn               B - ring of willpower

@: wreathed by umbra
A: small, no large weapons, nightstalker 3
a: Renounce Religion, Shadow Step


You were on level 6 of the Dungeon.
You worshipped Dithmenos.
Dithmenos was pleased with you.
You visited 1 branch of the dungeon, and saw 6 of its levels.

You collected 334 gold pieces.

Inventory:

Hand Weapons
 a - a +0 dagger
 b - a +1 hand crossbow
 g - a +0 hand axe
 h - a +1 vampiric whip (weapon)
 n - a +0 short sword
 t - a +0 short sword
Missiles
 d - 50 bolts
 z - 2 throwing nets (quivered)
Armour
 c - a +0 leather armour
 f - a +0 buckler
 r - a +0 cloak (worn)
 v - the +5 pair of gloves of a Gauntlet (worn) {Rampage}
   (You found it on level 4 of the Dungeon)

   Rampage:   It bestows one free step when moving towards enemies.
 C - a +0 troll leather armour (worn)
Magical Staves
 x - a staff of conjuration
 A - a staff of fire
Jewellery
 y - a ring of protection from fire (left hand)
 B - a ring of willpower (right hand)
Scrolls
 i - a scroll of fog {unknown}
 j - a scroll of brand weapon {unknown}
 k - 3 scrolls of teleportation {unknown}
 l - a scroll of summoning {unknown}
 m - a scroll of blinking {unknown}
 u - a scroll of noise {unknown}
 w - 5 scrolls of identify {unknown}
 D - 2 scrolls of torment {unknown}
Potions
 e - a potion of brilliance {unknown}
 o - a potion of attraction {unknown}
 p - 2 potions of curing {unknown}
 q - 2 potions of mutation {unknown}
 s - a potion of heal wounds {unknown}
 E - a potion of might {unknown}


   Skills:
 - Level 2.3 Fighting
 + Level 7.6 Short Blades
 + Level 8.7 Crossbows
 + Level 2.0 Armour
 + Level 6.4 Dodging
 - Level 4.0 Stealth


You had 8 spell levels left.
You didn't know any spells.
Your spell library contained the following spells:

 Spells                   Type           Power      Damage    Failure   Level
 Static Discharge         Conj/Air       0%         N/A       50%         2
 Cause Fear               Hex            0%         N/A       98%         4
 Lightning Bolt           Conj/Air       0%         1d11      100%        5
 Dragon Form              Tmut           0%         N/A       100%        7
 Maxwell's Capacitive Co  Air            0%         ∞         100%        8
 Dragon's Call            Summ           0%         N/A       100%        9


Dungeon Overview and Level Annotations

Branches:
Dungeon (6/15)             Temple (0/1) D:5

Altars:
Dithmenos
Kikubaaqudgha
Makhleb
Trog

Annotations:
D:4 2 transporters, raph's ghost, amateur DrTm
D:6 Grinder; Maggie


Innate Abilities, Weirdness & Mutations

You are small and have problems with some larger weapons.
You are completely attuned to the shadows.


Message History

* * * LOW HITPOINT WARNING * * *
Maggie burns you.
* * * LOW HITPOINT WARNING * * *
You barely miss Maggie.
Maggie is severely wounded.
Maggie misses you.
You hit Maggie.
You feel better.
Maggie is severely wounded.
Maggie gestures wildly while chanting.
Maggie draws you further into her thrall.
You hit Maggie.
You feel better.
Maggie is severely wounded.
Maggie misses you.
You hit Maggie but do no damage.
Maggie is severely wounded.
Maggie completely misses you. Maggie misses you.
You hit Maggie but do no damage.
Maggie is severely wounded.
Maggie zaps a wand.
You easily resist.
You hit Maggie but do no damage.
Maggie is severely wounded.
Maggie closely misses you.
You closely miss Maggie.
Maggie is severely wounded.
Maggie hits you with a +3 long sword of flaming!
* * * LOW HITPOINT WARNING * * *
Maggie burns you.
* * * LOW HITPOINT WARNING * * *
You hit Maggie.
Maggie is severely wounded.
Maggie completely misses you.
You closely miss Maggie.
Maggie is severely wounded.
You break out of your daze.
Maggie barely misses you.
You hit Maggie but do no damage.
Maggie is severely wounded.
Maggie says, "If you die in the Dungeon, but nobody's around to see it, does it really matter?"
Maggie hits you with a +3 long sword of flaming!
You die...

####.....#
##.....# #.......
#....... #..)....
#....... #.......
#.......
.####@......
....@##.####
####.##....#
..#(#####.#
#.....†..#.######
#..#.###.#.......
#.)#(# #.#.......
#. #.# #.#.......
#. #.#n......


You could see Maggie.

Vanquished Creatures
  A wraith (D:6)
  A water moccasin (D:5)
  A black bear (D:4)
  An orc warrior (D:5)
  2 ogres
  A necrophage (D:6)
  2 centaurs
  A gnoll sergeant (D:6)
  A scorpion (D:6)
  A wyvern skeleton (D:6)
  A water moccasin skeleton (D:5)
  A howler monkey (D:5)
  A jelly (D:6)
  3 hounds (D:4)
  A bullfrog skeleton (D:5)
  Jessica (D:3)
  An iguana (D:6)
  A howler monkey zombie (D:5)
  3 gnolls (D:6)
  8 adders
  A white imp (D:5)
  An ufetubus (D:5)
  An adder skeleton (D:5)
  A worm (D:4)
  3 orcs (D:3)
  3 ball pythons
  7 endoplasms
  4 giant cockroaches
  2 goblins
  5 hobgoblins (D:1)
  6 jackals (D:3)
  3 quokkas
  6 bats
  3 frilled lizards
  2 rats
81 creatures vanquished.

Notes
Turn   | Place    | Note
-------+----------+-------------------------------------------
     0 | D:1      | mcbry74 the Kobold Hunter began the quest for the Orb.
     0 | D:1      | Reached XP level 1. HP: 12/12 MP: 1/1
   271 | D:1      | Reached XP level 2. HP: 16/17 MP: 2/2
   409 | D:1      | Found a faded altar of an unknown god.
   418 | D:1      | Reached skill level 5 in Crossbows
   449 | D:1      | Prayed at the altar of an unknown god.
   449 | D:1      | Became a worshipper of Dithmenos the Shadowed
   449 | D:1      | Reached * piety under Dithmenos
   766 | D:1      | Reached skill level 1 in Short Blades
   989 | D:1      | Reached XP level 3. HP: 21/21 MP: 3/3
  1354 | D:3      | Found a burning altar of Makhleb.
  1429 | D:3      | Reached XP level 4. HP: 22/26 MP: 4/4
  1554 | D:3      | Noticed Jessica
  1559 | D:3      | Killed Jessica
  1635 | D:3      | Reached XP level 5. HP: 17/30 MP: 5/5
  2011 | D:3      | Found a bloodstained altar of Trog.
  2119 | D:4      | Noticed a centaur
  2134 | D:4      | Killed a centaur
  2135 | D:4      | Reached skill level 6 in Crossbows
  2346 | D:4      | Reached XP level 6. HP: 35/35 MP: 6/6
  2447 | D:4      | Identified the +5 pair of gloves of a Gauntlet {Rampage}
  2493 | D:4      | Found an ancient bone altar of Kikubaaqudgha.
  2549 | D:4      | Found a transporter.
  2549 | D:4      | Noticed raph's ghost (amateur DrTm)
  2553 | D:4      | Found a transporter.
  2658 | D:4      | Noticed a black bear
  2707 | D:4      | Killed a black bear
  2708 | D:4      | Reached skill level 5 in Short Blades
  2708 | D:4      | Reached XP level 7. HP: 36/40 MP: 7/7
  2846 | D:5      | Entered Level 5 of the Dungeon
  3178 | D:5      | Noticed a water moccasin
  3181 | D:5      | Killed a water moccasin
  3182 | D:5      | Reached skill level 7 in Crossbows
  3346 | D:5      | Reached ** piety under Dithmenos
  3411 | D:5      | Reached XP level 8. HP: 44/44 MP: 8/8
  3427 | D:5      | Reached skill level 5 in Dodging
  4067 | D:5      | Found a staircase to the Ecumenical Temple.
  4213 | D:5      | Reached skill level 8 in Crossbows
  4722 | D:6      | Noticed a wraith
  4724 | D:6      | Killed a wraith
  4742 | D:6      | Noticed Grinder
  4859 | D:6      | Reached skill level 1 in Armour
  4919 | D:6      | Reached XP level 9. HP: 48/48 MP: 9/9
  4929 | D:6      | Noticed Maggie
  4947 | D:6      | HP: 2/48 [Maggie/+3 long sword of flaming (5)]
  4967 | D:6      | HP: 2/48 [Maggie/+3 long sword of flaming (11)]
  4970 | D:6      | Slain by Maggie

Illustrated notes

Levels and vault maps discovered:
D:1:      eino_arrival_tree_alley, layout_basic, basic_ecumenical_altar
D:2:      layout_rooms
D:3:      layout_rooms, makhleb_altar_promises_db,
          lemuel_coloured_pillars_altar, dk_vineyard_2, uniq_jessica
D:4:      layout_rooms, mainiacjoe_overflow_alcove_1, gammafunk_ghost_arena
D:5:      layout_basic, temple_fountains, kennysheep_dice
D:6:      minmay_thinvault, layout_basic, mainiacjoe_overflow_24_doors,
          kennysheep_generic_room_8, uniq_sigmund, uniq_grinder, uniq_maggie

Skill      XL: |  1  2  3  4  5  6  7  8  9 |
---------------+----------------------------+-----
Crossbows      | 5 6 7 8 |  8.7
Stealth        | 2 3 4 |  4.0
Short Blades   | 1 2 3 4 5 6 7 |  7.6
Dodging        | 3 4 6 |  6.4
Armour         | 1 2 |  2.0
Fighting       | |  2.3

Action                   |  1- 3 |  4- 6 |  7- 9 || total
-------------------------+-------+-------+-------++-------
Melee: Whip              |    40 |       |    21 ||    61
       Short sword       |    34 |    49 |       ||    83
       Punch             |     1 |       |     3 ||     4
       Dagger            |       |    13 |   150 ||   163
 Fire: Hand crossbow     |    29 |     2 |    14 ||    45
 Stab: Sleeping          |    14 |    18 |    19 ||    51
Armor: Leather armour    |    17 |    10 |     6 ||    33
       Troll leather arm |       |       |     5 ||     5
Dodge: Dodged            |    62 |    58 |    87 ||   207
